WCHLSIM.com - West Coast Hockey League
html PUBLIC "-//W3C//DTD XHTML 1.0 Transitional//EN" "http://www.w3.org/TR/xhtml1/DTD/xhtml1-transitional.dtd"> WCHL - Game 20 - PHOENIX MUSTANGS vs SPOKANE KNIGHTS

PHOENIX MUSTANGS vs SPOKANE KNIGHTS

Created - 15 octobre 2023 at 21:48

Goals
1 2 3 T
PHOENIX MUSTANGS 1 1 0 2
SPOKANE KNIGHTS 0 3 1 4
Shots
1 2 3 T
PHOENIX MUSTANGS 8 13 21 42
SPOKANE KNIGHTS 9 10 9 28

1st period

1. PHOENIX MUSTANGS , Mark Scheifele 1 (Brad Marchand 1, Damon Severson 1) at 9:35

Penalties :
Radko Gudas (PHX) for Hooking (Minor) at 3:30, Brady Tkachuk (SPO) for Holding (Minor) at 11:56, Joel Armia (PHX) for Cross-checking (Minor) at 14:06

2nd period

2. SPOKANE KNIGHTS , Anthony Cirelli 2 (Derek Grant 1) at 7:25
3. PHOENIX MUSTANGS , Andrew Copp 1 (Ilya Lyubushkin 1) at 7:36
4. SPOKANE KNIGHTS , Anthony Cirelli 3 (Derek Grant 2, Evan Bouchard 3) at 7:50
5. SPOKANE KNIGHTS , Shane Pinto 1 (Nicklas Backstrom 1) at 9:09

Penalties :
Jesper Fast (PHX) for Slashing (Minor) at 2:59, Anthony Cirelli (SPO) for Holding (Minor) at 12:05, Derrick Pouliot (SPO) for Roughing (Minor) at 14:16

3rd period

6. SPOKANE KNIGHTS , Shane Pinto 2 (Corey Perry 2, Nicklas Backstrom 2) at 18:48 (Empty Net)

Penalties :
Brady Tkachuk (SPO) for Interference (Minor) at 7:26, Joel Armia (PHX) for Tripping (Minor) at 10:15, Derrick Pouliot (SPO) for Roughing (Minor) at 13:43, Derrick Pouliot (SPO) for Interference (Minor) at 15:49

Goalie Stats

Antti Raanta (PHX), 24 saves from 27 shots - (0,889), L, 1-1-0, 59:31 minutes
Frederik Andersen (SPO), 40 saves from 42 shots - (0,952), W, 2-0-0, 60:00 minutes

Players Stats for PHOENIX MUSTANGS

Player Name              G  A  P  +/- PIM S  H  SB GA TA FO     MP     PP MP  PK MP  
------------------------------------------------------------------------------------
Alex Barre-Boulet        0  0  0  -1  0   0  0  0  0  0  1/4     8:23   0:00   4:02 
Alex Killorn             0  0  0   1  0   2  1  0  0  0  0/0    18:39   5:39   0:00 
Andrew Copp              1  0  1   0  0   5  0  0  0  0  8/13   19:22   5:39   3:54 
Brad Marchand            0  1  1   1  0   3  1  0  0  0  0/1    19:15   6:15   0:00 
Damon Severson           0  1  1   0  0   2  0  0  0  0  0/0    22:09   5:33   0:18 
Erik Karlsson            0  0  0   0  0   7  1  5  0  0  0/0    26:31   5:58   4:15 
Ilya Lyubushkin          0  1  1   0  0   1  1  1  0  0  0/0    14:32   0:23   3:41 
Jeff Petry               0  0  0  -2  0   2  0  2  0  0  0/0    22:38   5:33   3:41 
Jesper Fast              0  0  0   0  2   0  0  0  0  0  1/1    10:19   0:00   0:31 
Joel Armia               0  0  0  -1  4   0  2  0  0  0  0/0     4:19   0:00   0:00 
Joel Edmundson           0  0  0   0  0   0  2  1  0  0  0/0    11:42   0:00   1:14 
Jonathan Miller          0  0  0  -2  0   4  5  0  0  0  16/29  22:57   6:15   3:42 
Jordan Eberle            0  0  0  -2  0   2  0  0  0  0  1/1    18:39   5:39   0:00 
Kyle Connor              0  0  0  -2  0   6  0  0  0  0  1/1    19:21   6:21   0:00 
Mark Scheifele           1  0  1   1  0   6  1  0  0  0  11/23  19:15   6:15   0:00 
Nic Dowd                 0  0  0   0  0   2  4  0  0  0  9/14   13:32   0:00   3:43 
Radko Gudas              0  0  0  -2  2   0  0  1  0  0  0/0    16:06   0:00   2:43 
Tyson Jost               0  0  0  -1  0   0  0  0  0  0  0/2     4:21   0:00   0:00 

Players Stats for SPOKANE KNIGHTS

Player Name              G  A  P  +/- PIM S  H  SB GA TA FO     MP     PP MP  PK MP  
------------------------------------------------------------------------------------
Anthony Cirelli          2  0  2   2  2   4  1  1  0  0  14/34  19:41   0:00   5:02 
Brady Tkachuk            0  0  0  -1  4   4  2  0  0  0  0/0    19:14   4:25   0:14 
Chad Ruhwedel            0  0  0   0  0   0  3  1  0  0  0/0    21:28   3:33   5:41 
Corey Perry              0  1  1   1  0   0  1  0  0  0  0/0    11:50   3:31   0:00 
Derek Grant              0  2  2   2  0   2  0  1  0  0  2/3    19:34   0:00   4:54 
Derrick Pouliot          0  0  0   0  6   0  2  1  0  0  0/0    14:46   0:39   0:52 
Evan Bouchard            0  1  1   2  0   1  1  2  0  0  0/0    24:26   4:23   5:25 
Jonathon Merrill         0  0  0   2  0   2  2  1  0  0  0/0    23:07   3:44   5:00 
Nathan Beaulieu          0  0  0   0  0   0  1  3  0  0  0/0    21:31   3:33   5:44 
Nicklas Backstrom        0  2  2   1  0   1  0  0  0  0  2/13   12:35   3:31   0:30 
Patrice Bergeron         0  0  0  -1  0   5  0  1  0  0  19/28  19:02   4:25   0:00 
Quinton Byfield          0  0  0   0  0   1  0  0  0  0  4/8     5:37   0:51   2:12 
Rasmus Kupari            0  0  0   0  0   0  0  1  0  0  0/1     8:32   0:00   5:58 
Robert Fabbri            0  0  0   0  0   0  0  0  0  0  0/1     2:34   0:00   0:00 
Shane Pinto              2  0  2   1  0   4  0  1  0  0  0/0    12:09   3:50   0:00 
Tucker Poolman           0  0  0   0  0   0  1  0  0  0  0/0    14:16   0:00   0:58 
Tyler Motte              0  0  0   2  0   0  0  1  0  0  0/1    19:46   0:00   5:06 
Zach Parise              0  0  0  -1  0   4  0  1  0  0  0/0    17:52   3:15   0:00 

3 Stars

1 - Shane Pinto (SPO)
2 - Anthony Cirelli (SPO)
3 - Frederik Andersen (SPO)

Power Play

PHOENIX MUSTANGS - 0 on 6 Attempt(s) - 0,00%
SPOKANE KNIGHTS - 0 on 4 Attempt(s) - 0,00%

Penalty Kill

PHOENIX MUSTANGS - 4 on 4 Attempt(s) - 100,00% - Score 0 goal in Penalty Kill
SPOKANE KNIGHTS - 6 on 6 Attempt(s) - 100,00% - Score 0 goal in Penalty Kill

Team Stat

PHOENIX MUSTANGS - Hits : 18 - Faceoff Wins : 48 - Blocked Shots : 10 - Penalty Minutes : 8
SPOKANE KNIGHTS - Hits : 14 - Faceoff Wins : 41 - Blocked Shots : 15 - Penalty Minutes : 12

Official

Referees : Corey Syvret and Beaudry Halkidis
Linesman : Justin Cornell and Brendan Lewis

Game Notes

Shane Pinto has scored in a empty net!

Finance

Level 1 -- Attendance: 8350 (100,00%) -- Ticket Income 1 336 000 $
Level 2 -- Attendance: 6100 (100,00%) -- Ticket Income 713 700 $
Level 3 -- Attendance: 2400 (100,00%) -- Ticket Income 254 400 $
Level 4 -- Attendance: 5972 (99,53%) -- Ticket Income 370 264 $
Luxury Box -- Attendance: 1058 (92,00%) -- Ticket Income 327 980 $
Total Attendance: 23880 (99,50%)
Total Ticket Income: 3 002 344 $
Other Expense: 30 023 $
Total Income: 2 972 321 $

PHOENIX MUSTANGS

5 vs 5 Forward 
   Center                   Left Wing                Right Wing               Time % Phy DF OF 
 1 Jonathan Miller          Kyle Connor              Jordan Eberle            33     0   2  3  
 2 Mark Scheifele           Alex Killorn             Brad Marchand            32     0   2  3  
 3 Nic Dowd                 Andrew Copp              Jesper Fast              25     0   3  2  
 4 Tyson Jost               Joel Armia               Alex Barre-Boulet        10     0   3  2  

5 vs 5 Defense 
   Defense                  Defense                                           Time % Phy DF OF 
 1 Erik Karlsson            Damon Severson                                    42     0   3  2  
 2 Jeff Petry               Radko Gudas                                       35     0   3  2  
 3 Ilya Lyubushkin          Joel Edmundson                                    23     0   3  2  
 4 Erik Karlsson            Jeff Petry                                        0      0   3  2  

PowerPlay Forward 
   Center                   Left Wing                Right Wing               Time % Phy DF OF 
 1 Jonathan Miller          Brad Marchand            Mark Scheifele           65     0   1  4  
 2 Andrew Copp              Alex Killorn             Jordan Eberle            35     0   1  4  

PowerPlay Defense
   Defense                  Defense                                           Time % Phy DF OF 
 1 Erik Karlsson            Kyle Connor                                       65     0   1  4  
 2 Jeff Petry               Damon Severson                                    35     0   1  4  

Penalty Kill 4 Players Forward 
   Center                   Wing                     Time % Phy DF OF 
 1 Jonathan Miller          Alex Barre-Boulet        50     1   2  2  
 2 Andrew Copp              Nic Dowd                 50     1   2  2  

Penalty Kill 4 Players Defense
   Defense                  Defense                  Time % Phy DF OF 
 1 Radko Gudas              Erik Karlsson            55     1   2  2  
 2 Jeff Petry               Ilya Lyubushkin          45     1   2  2  

Penalty Kill - 3 Players Forward 
   Forward                                           Time % Phy DF OF 
 1 Nic Dowd                                          60     0   4  1  
 2 Andrew Copp                                       40     0   4  1  

Penalty Kill - 3 Players Defense
   Defense                  Defense                  Time % Phy DF OF 
 1 Erik Karlsson            Radko Gudas              50     0   4  1  
 2 Jeff Petry               Damon Severson           50     0   4  1  

4 vs 4 Forward 
   Center                   Wing                     Time % Phy DF OF 
 1 Mark Scheifele           Kyle Connor              50     0   2  3  
 2 Nic Dowd                 Brad Marchand            50     0   2  3  

4 vs 4 Defense
   Defense                  Defense                  Time % Phy DF OF 
 1 Erik Karlsson            Jeff Petry               50     0   2  3  
 2 Radko Gudas              Damon Severson           50     0   2  3  

Last Minutes Offensive
   Center                   Left Wing                Right Wing               Defense                  Defense                  
   Jonathan Miller          Kyle Connor              Brad Marchand            Erik Karlsson            Jeff Petry               

Last Minutes Defensive
   Center                   Left Wing                Right Wing               Defense                  Defense                  
   Andrew Copp              Jonathan Miller          Nic Dowd                 Radko Gudas              Erik Karlsson            

Goaltenders
Starting : Antti Raanta             
Backup : Petr Mrazek              

Extra Forwards
Normal : Jonathan Miller, Brad Marchand, Mark Scheifele - PP : Jordan Eberle, Kyle Connor - PK : Jesper Fast
Extra Defensemen
Normal : Jeff Petry, Erik Karlsson, Damon Severson - PP : Erik Karlsson - PK : Joel Edmundson, Radko Gudas
Penalty Shots
Mark Scheifele, Jonathan Miller, Kyle Connor, Erik Karlsson, Brad Marchand
Custom OT Lines Forwards
Jonathan Miller, Mark Scheifele, Brad Marchand, Kyle Connor, Jordan Eberle, Andrew Copp, Alex Killorn, Jesper Fast, Nic Dowd, Joel Armia
Custom OT Lines Defensemen
Erik Karlsson, Jeff Petry, Damon Severson, Ilya Lyubushkin, Radko Gudas

Scratches
None

SPOKANE KNIGHTS

5 vs 5 Forward 
   Center                   Left Wing                Right Wing               Time % Phy DF OF 
 1 Patrice Bergeron         Brady Tkachuk            Zach Parise              35     0   1  4  
 2 Anthony Cirelli          Derek Grant              Tyler Motte              35     1   2  2  
 3 Nicklas Backstrom        Shane Pinto              Corey Perry              20     1   2  2  
 4 Quinton Byfield          Robert Fabbri            Rasmus Kupari            10     1   3  1  

5 vs 5 Defense 
   Defense                  Defense                                           Time % Phy DF OF 
 1 Evan Bouchard            Jonathon Merrill                                  30     1   2  2  
 2 Nathan Beaulieu          Chad Ruhwedel                                     30     1   2  2  
 3 Derrick Pouliot          Tucker Poolman                                    20     1   3  1  
 4 Evan Bouchard            Jonathon Merrill                                  20     1   3  1  

PowerPlay Forward 
   Center                   Left Wing                Right Wing               Time % Phy DF OF 
 1 Patrice Bergeron         Brady Tkachuk            Shane Pinto              60     1   1  3  
 2 Nicklas Backstrom        Zach Parise              Corey Perry              40     1   1  3  

PowerPlay Defense
   Defense                  Defense                                           Time % Phy DF OF 
 1 Evan Bouchard            Jonathon Merrill                                  60     0   1  4  
 2 Nathan Beaulieu          Chad Ruhwedel                                     40     0   1  4  

Penalty Kill 4 Players Forward 
   Center                   Wing                     Time % Phy DF OF 
 1 Anthony Cirelli          Tyler Motte              50     1   3  1  
 2 Derek Grant              Rasmus Kupari            50     1   3  1  

Penalty Kill 4 Players Defense
   Defense                  Defense                  Time % Phy DF OF 
 1 Nathan Beaulieu          Chad Ruhwedel            60     1   3  1  
 2 Jonathon Merrill         Evan Bouchard            40     1   3  1  

Penalty Kill - 3 Players Forward 
   Forward                                           Time % Phy DF OF 
 1 Patrice Bergeron                                  60     0   5  0  
 2 Anthony Cirelli                                   40     0   5  0  

Penalty Kill - 3 Players Defense
   Defense                  Defense                  Time % Phy DF OF 
 1 Jonathon Merrill         Evan Bouchard            60     0   5  0  
 2 Tucker Poolman           Derrick Pouliot          40     0   5  0  

4 vs 4 Forward 
   Center                   Wing                     Time % Phy DF OF 
 1 Patrice Bergeron         Brady Tkachuk            50     1   2  2  
 2 Anthony Cirelli          Zach Parise              50     1   2  2  

4 vs 4 Defense
   Defense                  Defense                  Time % Phy DF OF 
 1 Evan Bouchard            Jonathon Merrill         60     1   2  2  
 2 Derrick Pouliot          Tucker Poolman           40     1   2  2  

Last Minutes Offensive
   Center                   Left Wing                Right Wing               Defense                  Defense                  
   Patrice Bergeron         Brady Tkachuk            Zach Parise              Evan Bouchard            Anthony Cirelli          

Last Minutes Defensive
   Center                   Left Wing                Right Wing               Defense                  Defense                  
   Patrice Bergeron         Anthony Cirelli          Zach Parise              Evan Bouchard            Jonathon Merrill         

Goaltenders
Starting : Frederik Andersen        
Backup : Matthew Murray           

Extra Forwards
Normal : Nicklas Backstrom, Shane Pinto, Rasmus Kupari - PP : Quinton Byfield, Rasmus Kupari - PK : Quinton Byfield
Extra Defensemen
Normal : Jonathon Merrill, Evan Bouchard, Nathan Beaulieu - PP : Jonathon Merrill - PK : Chad Ruhwedel, Evan Bouchard
Penalty Shots
Patrice Bergeron, Brady Tkachuk, Anthony Cirelli, Shane Pinto, Corey Perry
Custom OT Lines Forwards
Patrice Bergeron, Brady Tkachuk, Anthony Cirelli, Derek Grant, Zach Parise, Tyler Motte, Nicklas Backstrom, Shane Pinto, Quinton Byfield, Rasmus Kupari
Custom OT Lines Defensemen
Jonathon Merrill, Evan Bouchard, Nathan Beaulieu, Chad Ruhwedel, Derrick Pouliot

Scratches
None


% Time on Ice - PHOENIX MUSTANGS

Lines # - Real PCT - Wanted PCT - Time Play
Normal Forward
1 - 32% - 33% - 13:00
2 - 32% - 32% - 13:00
3 - 24% - 25% - 9:49
4 - 11% - 10% - 4:21
Normal Defense
1 - 41% - 42% - 16:18
2 - 33% - 35% - 13:24
3 - 26% - 23% - 10:28
4 - 0% - 0% - 0:00
PP Forward
1 - 53% - 65% - 6:15
2 - 47% - 35% - 5:39
PP Defense
1 - 53% - 65% - 6:21
2 - 47% - 35% - 5:33
PK Forward
1 - 51% - 50% - 4:02
2 - 49% - 50% - 3:54
PK Defense
1 - 54% - 55% - 4:15
2 - 46% - 45% - 3:41
PK3 Forward
1 - 0% - 60%
2 - 0% - 40%
PK3 Defense
1 - 0% - 50%
2 - 0% - 50%
44 Forward
1 - 0% - 50%
2 - 0% - 50%
44 Defense
1 - 0% - 50%
2 - 0% - 50%
Last Minute Offensive  - 0:00
Last Minute Defensive  - 0:00
Total
Forward - 60:00
Defense - 60:00

% Time on Ice - SPOKANE KNIGHTS

Lines # - Real PCT - Wanted PCT - Time Play
Normal Forward
1 - 36% - 35% - 14:37
2 - 37% - 35% - 14:40
3 - 21% - 20% - 8:19
4 - 6% - 10% - 2:34
Normal Defense
1 - 25% - 30% - 10:00
2 - 30% - 30% - 12:14
3 - 33% - 20% - 13:18
4 - 12% - 20% - 4:38
PP Forward
1 - 56% - 60% - 4:25
2 - 44% - 40% - 3:31
PP Defense
1 - 55% - 60% - 4:23
2 - 45% - 40% - 3:33
PK Forward
1 - 50% - 50% - 5:56
2 - 50% - 50% - 5:58
PK Defense
1 - 54% - 60% - 6:22
2 - 46% - 40% - 5:32
PK3 Forward
1 - 0% - 60%
2 - 0% - 40%
PK3 Defense
1 - 0% - 60%
2 - 0% - 40%
44 Forward
1 - 0% - 50%
2 - 0% - 50%
44 Defense
1 - 0% - 60%
2 - 0% - 40%
Last Minute Offensive  - 0:00
Last Minute Defensive  - 0:00
Total
Forward - 60:00
Defense - 60:00

Play-by-Play

1st period


0:01 of 1st period - Jordan Eberle wins face-off versus Patrice Bergeron in neutral zone.
0:20 of 1st period - Icing by Erik Karlsson.
0:21 of 1st period - Jonathan Miller wins face-off versus Anthony Cirelli in PHOENIX MUSTANGS zone.
0:42 of 1st period - Shot by Jordan Eberle.
0:42 of 1st period - Stopped by Frederik Andersen without a rebound.
0:43 of 1st period - Mark Scheifele wins face-off versus Nicklas Backstrom in SPOKANE KNIGHTS zone.
1:29 of 1st period - Alex Killorn is hit by Tucker Poolman and loses puck.
2:00 of 1st period - Shot by Nic Dowd.
2:00 of 1st period - Shot Blocked by Jonathon Merrill.
2:02 of 1st period - Shot by Ilya Lyubushkin.
2:02 of 1st period - Shot Blocked by Zach Parise.
2:04 of 1st period - Shot by Jesper Fast.
2:04 of 1st period - Shot Misses the Net.
2:11 of 1st period - Shot by Andrew Copp.
2:11 of 1st period - Stopped by Frederik Andersen without a rebound.
2:12 of 1st period - Anthony Cirelli wins face-off versus Tyson Jost in SPOKANE KNIGHTS zone.
2:41 of 1st period - Anthony Cirelli is hit by Joel Armia and loses puck.
2:53 of 1st period - Off-side.
2:54 of 1st period - Quinton Byfield wins face-off versus Jonathan Miller in neutral zone.
3:30 of 1st period - Minor Penalty to Radko Gudas for Hooking.
3:31 of 1st period - Patrice Bergeron wins face-off versus Andrew Copp in PHOENIX MUSTANGS zone.
3:38 of 1st period - Shot by Brady Tkachuk.
3:38 of 1st period - Shot Misses the Net.
3:40 of 1st period - Shot by Patrice Bergeron.
3:40 of 1st period - Shot Misses the Net.
3:42 of 1st period - Shot by Chad Ruhwedel.
3:42 of 1st period - Shot Misses the Net.
3:44 of 1st period - Shot by Nathan Beaulieu.
3:44 of 1st period - Shot Misses the Net.
3:46 of 1st period - Shot by Patrice Bergeron.
3:46 of 1st period - Shot Blocked by Ilya Lyubushkin.
3:48 of 1st period - Shot by Shane Pinto.
3:48 of 1st period - Shot Blocked by Jeff Petry.
4:35 of 1st period - Shot by Nicklas Backstrom.
4:35 of 1st period - Shot Blocked by Erik Karlsson.
4:37 of 1st period - Shot by Zach Parise.
4:37 of 1st period - Stopped by Antti Raanta without a rebound.
4:38 of 1st period - Andrew Copp wins face-off versus Patrice Bergeron in PHOENIX MUSTANGS zone.
4:55 of 1st period - Shot by Patrice Bergeron.
4:55 of 1st period - Stopped by Antti Raanta without a rebound.
4:56 of 1st period - Alex Barre-Boulet wins face-off versus Nicklas Backstrom in PHOENIX MUSTANGS zone.
6:55 of 1st period - Derek Grant is hit by Joel Edmundson and loses puck.
7:40 of 1st period - Zach Parise is hit by Nic Dowd and loses puck.
9:17 of 1st period - Off-side.
9:18 of 1st period - Patrice Bergeron wins face-off versus Mark Scheifele in neutral zone.
9:21 of 1st period - Shot by Brady Tkachuk.
9:21 of 1st period - Stopped by Antti Raanta without a rebound.
9:22 of 1st period - Patrice Bergeron wins face-off versus Mark Scheifele in PHOENIX MUSTANGS zone.
9:32 of 1st period - Brad Marchand is hit by Chad Ruhwedel and loses puck.
9:35 of 1st period - Shot by Mark Scheifele.
9:35 of 1st period - Goal by Mark Scheifele - PHOENIX MUSTANGS : 1 - SPOKANE KNIGHTS : 0.
9:36 of 1st period - Anthony Cirelli wins face-off versus Jonathan Miller in neutral zone.
10:11 of 1st period - Icing by Jordan Eberle.
10:12 of 1st period - Patrice Bergeron wins face-off versus Jonathan Miller in PHOENIX MUSTANGS zone.
10:13 of 1st period - Shot by Brady Tkachuk.
10:13 of 1st period - Stopped by Antti Raanta with a rebound.
10:47 of 1st period - Shot by Zach Parise.
10:47 of 1st period - Stopped by Antti Raanta without a rebound.
10:48 of 1st period - Nicklas Backstrom wins face-off versus Mark Scheifele in PHOENIX MUSTANGS zone.
10:51 of 1st period - Shot by Shane Pinto.
10:51 of 1st period - Stopped by Antti Raanta without a rebound.
10:52 of 1st period - Nic Dowd wins face-off versus Tyler Motte in PHOENIX MUSTANGS zone.
11:10 of 1st period - Icing by Erik Karlsson.
11:11 of 1st period - Patrice Bergeron wins face-off versus Nic Dowd in PHOENIX MUSTANGS zone.
11:14 of 1st period - Shot by Brady Tkachuk.
11:14 of 1st period - Shot Blocked by Erik Karlsson.
11:56 of 1st period - Minor Penalty to Brady Tkachuk for Holding.
11:57 of 1st period - Jonathan Miller wins face-off versus Anthony Cirelli in SPOKANE KNIGHTS zone.
14:06 of 1st period - Minor Penalty to Joel Armia for Cross-checking.
14:07 of 1st period - Patrice Bergeron wins face-off versus Alex Barre-Boulet in PHOENIX MUSTANGS zone.
14:40 of 1st period - Shot by Brady Tkachuk.
14:40 of 1st period - Shot Misses the Net.
15:14 of 1st period - Shot by Nicklas Backstrom.
15:14 of 1st period - Shot Misses the Net.
15:45 of 1st period - Icing by Evan Bouchard.
15:46 of 1st period - Patrice Bergeron wins face-off versus Andrew Copp in SPOKANE KNIGHTS zone.
16:38 of 1st period - Icing by Anthony Cirelli.
16:39 of 1st period - Anthony Cirelli wins face-off versus Jonathan Miller in SPOKANE KNIGHTS zone.
16:49 of 1st period - Icing by Radko Gudas.
16:50 of 1st period - Jonathan Miller wins face-off versus Patrice Bergeron in PHOENIX MUSTANGS zone.
16:59 of 1st period - Shot by Jordan Eberle.
16:59 of 1st period - Shot Misses the Net.
17:07 of 1st period - Shot by Kyle Connor.
17:07 of 1st period - Stopped by Frederik Andersen without a rebound.
17:08 of 1st period - Mark Scheifele wins face-off versus Nicklas Backstrom in SPOKANE KNIGHTS zone.
17:19 of 1st period - Shot by Mark Scheifele.
17:19 of 1st period - Stopped by Frederik Andersen with a rebound.
17:21 of 1st period - Shot by Alex Killorn.
17:21 of 1st period - Shot Misses the Net.
17:29 of 1st period - Shot by Mark Scheifele.
17:29 of 1st period - Stopped by Frederik Andersen without a rebound.
17:30 of 1st period - Patrice Bergeron wins face-off versus Jonathan Miller in SPOKANE KNIGHTS zone.
17:30 of 1st period - Patrice Bergeron is hit by Jonathan Miller.
18:00 of 1st period - Shot by Patrice Bergeron.
18:00 of 1st period - Stopped by Antti Raanta with a rebound.
18:02 of 1st period - Shot by Zach Parise.
18:02 of 1st period - Stopped by Antti Raanta without a rebound.
18:03 of 1st period - Anthony Cirelli wins face-off versus Mark Scheifele in PHOENIX MUSTANGS zone.
18:03 of 1st period - Anthony Cirelli is hit by Erik Karlsson.
18:05 of 1st period - Shot by Tyler Motte.
18:05 of 1st period - Shot Misses the Net.
18:07 of 1st period - Shot by Tyler Motte.
18:07 of 1st period - Shot Hit the Post.
18:09 of 1st period - Shot by Anthony Cirelli.
18:09 of 1st period - Shot Misses the Net.
18:11 of 1st period - Shot by Derek Grant.
18:11 of 1st period - Shot Misses the Net.
18:39 of 1st period - Off-side.
18:40 of 1st period - Nic Dowd wins face-off versus Patrice Bergeron in neutral zone.
18:52 of 1st period - Andrew Copp is hit by Derrick Pouliot and loses puck.
18:57 of 1st period - Shot by Nic Dowd.
18:57 of 1st period - Stopped by Frederik Andersen without a rebound.
18:58 of 1st period - Jonathan Miller wins face-off versus Nicklas Backstrom in SPOKANE KNIGHTS zone.
19:25 of 1st period - Shot by Corey Perry.
19:25 of 1st period - Deflect By Nicklas Backstrom.
19:25 of 1st period - Shot Misses the Net.
19:34 of 1st period - Shot by Nicklas Backstrom.
19:34 of 1st period - Stopped by Antti Raanta without a rebound.
19:35 of 1st period - Patrice Bergeron wins face-off versus Mark Scheifele in PHOENIX MUSTANGS zone.
19:50 of 1st period - Shot by Alex Killorn.
19:50 of 1st period - Stopped by Frederik Andersen without a rebound.
19:51 of 1st period - Anthony Cirelli wins face-off versus Nic Dowd in SPOKANE KNIGHTS zone.
19:51 of 1st period - Anthony Cirelli is hit by Nic Dowd.
Goals for this period are 1 for PHOENIX MUSTANGS vs 0 for SPOKANE KNIGHTS.
Shots for this period are 8 for PHOENIX MUSTANGS vs 9 for SPOKANE KNIGHTS.

2nd period


0:01 of 2nd period - Mark Scheifele wins face-off versus Anthony Cirelli in neutral zone.
0:12 of 2nd period - Shot by Mark Scheifele.
0:12 of 2nd period - Shot Blocked by Evan Bouchard.
0:21 of 2nd period - Shot by Evan Bouchard.
0:21 of 2nd period - Stopped by Antti Raanta without a rebound.
0:22 of 2nd period - Nic Dowd wins face-off versus Patrice Bergeron in PHOENIX MUSTANGS zone.
0:29 of 2nd period - Shot by Brady Tkachuk.
0:29 of 2nd period - Shot Misses the Net.
0:46 of 2nd period - Icing by Nathan Beaulieu.
0:47 of 2nd period - Jonathan Miller wins face-off versus Patrice Bergeron in SPOKANE KNIGHTS zone.
0:56 of 2nd period - Shot by Jonathan Miller.
0:56 of 2nd period - Stopped by Frederik Andersen without a rebound.
0:57 of 2nd period - Mark Scheifele wins face-off versus Anthony Cirelli in SPOKANE KNIGHTS zone.
1:01 of 2nd period - Icing by Tyler Motte.
1:02 of 2nd period - Mark Scheifele wins face-off versus Anthony Cirelli in SPOKANE KNIGHTS zone.
1:30 of 2nd period - Evan Bouchard is hit by Alex Killorn and loses puck.
1:39 of 2nd period - Shot by Jonathon Merrill.
1:39 of 2nd period - Stopped by Antti Raanta without a rebound.
1:40 of 2nd period - Kyle Connor wins face-off versus Patrice Bergeron in PHOENIX MUSTANGS zone.
1:40 of 2nd period - Kyle Connor is hit by Brady Tkachuk.
2:40 of 2nd period - Shot by Andrew Copp.
2:40 of 2nd period - Shot Misses the Net.
2:42 of 2nd period - Shot by Nic Dowd.
2:42 of 2nd period - Stopped by Frederik Andersen with a rebound.
2:44 of 2nd period - Shot by Andrew Copp.
2:44 of 2nd period - Stopped by Frederik Andersen without a rebound.
2:45 of 2nd period - Mark Scheifele wins face-off versus Anthony Cirelli in SPOKANE KNIGHTS zone.
2:46 of 2nd period - Shot by Erik Karlsson.
2:46 of 2nd period - Shot Misses the Net.
2:49 of 2nd period - Icing by Jonathon Merrill.
2:50 of 2nd period - Nic Dowd wins face-off versus Anthony Cirelli in SPOKANE KNIGHTS zone.
2:59 of 2nd period - Minor Penalty to Jesper Fast for Slashing.
3:00 of 2nd period - Jonathan Miller wins face-off versus Nicklas Backstrom in PHOENIX MUSTANGS zone.
3:16 of 2nd period - Jonathon Merrill is hit by Nic Dowd and loses puck.
3:59 of 2nd period - Nathan Beaulieu is hit by Jonathan Miller and loses puck.
4:09 of 2nd period - Icing by Chad Ruhwedel.
4:10 of 2nd period - Andrew Copp wins face-off versus Patrice Bergeron in SPOKANE KNIGHTS zone.
4:54 of 2nd period - Jonathon Merrill is hit by Jonathan Miller and loses puck.
5:06 of 2nd period - Shot by Brad Marchand.
5:06 of 2nd period - Stopped by Frederik Andersen without a rebound.
5:07 of 2nd period - Anthony Cirelli wins face-off versus Mark Scheifele in SPOKANE KNIGHTS zone.
5:19 of 2nd period - Off-side.
5:20 of 2nd period - Jonathan Miller wins face-off versus Robert Fabbri in neutral zone.
5:42 of 2nd period - Shot by Robert Fabbri.
5:42 of 2nd period - Shot Blocked by Joel Edmundson.
5:44 of 2nd period - Shot by Quinton Byfield.
5:44 of 2nd period - Stopped by Antti Raanta without a rebound.
5:45 of 2nd period - Anthony Cirelli wins face-off versus Nic Dowd in PHOENIX MUSTANGS zone.
5:46 of 2nd period - Shot by Derek Grant.
5:46 of 2nd period - Stopped by Antti Raanta with a rebound.
5:52 of 2nd period - Shot by Anthony Cirelli.
5:52 of 2nd period - Shot Blocked by Jeff Petry.
6:00 of 2nd period - Shot by Andrew Copp.
6:00 of 2nd period - Stopped by Frederik Andersen without a rebound.
6:01 of 2nd period - Mark Scheifele wins face-off versus Patrice Bergeron in SPOKANE KNIGHTS zone.
6:01 of 2nd period - Mark Scheifele is hit by Chad Ruhwedel.
6:06 of 2nd period - Brad Marchand is hit by Chad Ruhwedel and loses puck.
6:24 of 2nd period - Brad Marchand is hit by Nathan Beaulieu.
6:50 of 2nd period - Patrice Bergeron is hit by Brad Marchand and loses puck.
7:25 of 2nd period - Shot by Anthony Cirelli.
7:25 of 2nd period - Goal by Anthony Cirelli - PHOENIX MUSTANGS : 1 - SPOKANE KNIGHTS : 1.
7:26 of 2nd period - Nic Dowd wins face-off versus Nicklas Backstrom in neutral zone.
7:29 of 2nd period - Nicklas Backstrom is hit by Nic Dowd and loses puck.
7:36 of 2nd period - Shot by Andrew Copp.
7:36 of 2nd period - Goal by Andrew Copp - PHOENIX MUSTANGS : 2 - SPOKANE KNIGHTS : 1.
7:37 of 2nd period - Anthony Cirelli wins face-off versus Tyson Jost in neutral zone.
7:48 of 2nd period - Shot by Derek Grant.
7:48 of 2nd period - Shot Misses the Net.
7:50 of 2nd period - Shot by Anthony Cirelli.
7:50 of 2nd period - Goal by Anthony Cirelli - PHOENIX MUSTANGS : 2 - SPOKANE KNIGHTS : 2.
7:51 of 2nd period - Nic Dowd wins face-off versus Nicklas Backstrom in neutral zone.
7:54 of 2nd period - Shot by Erik Karlsson.
7:54 of 2nd period - Stopped by Frederik Andersen without a rebound.
7:55 of 2nd period - Nic Dowd wins face-off versus Anthony Cirelli in SPOKANE KNIGHTS zone.
8:45 of 2nd period - Icing by Erik Karlsson.
8:46 of 2nd period - Nicklas Backstrom wins face-off versus Nic Dowd in PHOENIX MUSTANGS zone.
9:09 of 2nd period - Shot by Shane Pinto.
9:09 of 2nd period - Goal by Shane Pinto - PHOENIX MUSTANGS : 2 - SPOKANE KNIGHTS : 3.
9:10 of 2nd period - Patrice Bergeron wins face-off versus Mark Scheifele in neutral zone.
9:19 of 2nd period - Shot by Patrice Bergeron.
9:19 of 2nd period - Shot Misses the Net.
9:26 of 2nd period - Shot by Zach Parise.
9:26 of 2nd period - Shot Misses the Net.
10:04 of 2nd period - Shot by Derek Grant.
10:04 of 2nd period - Stopped by Antti Raanta without a rebound.
10:05 of 2nd period - Jonathan Miller wins face-off versus Nicklas Backstrom in PHOENIX MUSTANGS zone.
10:25 of 2nd period - Jordan Eberle is hit by Evan Bouchard and loses puck.
10:44 of 2nd period - Shot by Jonathan Miller.
10:44 of 2nd period - Stopped by Frederik Andersen with a rebound.
10:46 of 2nd period - Shot by Jonathan Miller.
10:46 of 2nd period - Deflect By Kyle Connor.
10:46 of 2nd period - Stopped by Frederik Andersen without a rebound.
10:47 of 2nd period - Nic Dowd wins face-off versus Anthony Cirelli in SPOKANE KNIGHTS zone.
11:01 of 2nd period - Shot by Erik Karlsson.
11:01 of 2nd period - Stopped by Frederik Andersen without a rebound.
11:02 of 2nd period - Patrice Bergeron wins face-off versus Mark Scheifele in SPOKANE KNIGHTS zone.
11:13 of 2nd period - Shot by Patrice Bergeron.
11:13 of 2nd period - Stopped by Antti Raanta without a rebound.
11:14 of 2nd period - Jonathan Miller wins face-off versus Anthony Cirelli in PHOENIX MUSTANGS zone.
11:14 of 2nd period - Jonathan Miller is hit by Anthony Cirelli.
11:40 of 2nd period - Shot by Jonathan Miller.
11:40 of 2nd period - Shot Blocked by Chad Ruhwedel.
12:05 of 2nd period - Minor Penalty to Anthony Cirelli for Holding.
12:06 of 2nd period - Jonathan Miller wins face-off versus Quinton Byfield in SPOKANE KNIGHTS zone.
12:07 of 2nd period - Shot by Jeff Petry.
12:07 of 2nd period - Shot Blocked by Evan Bouchard.
13:14 of 2nd period - Shot by Jordan Eberle.
13:14 of 2nd period - Shot Misses the Net.
13:16 of 2nd period - Shot by Kyle Connor.
13:16 of 2nd period - Shot Blocked by Nathan Beaulieu.
13:18 of 2nd period - Shot by Jordan Eberle.
13:18 of 2nd period - Shot Misses the Net.
13:26 of 2nd period - Shot by Kyle Connor.
13:26 of 2nd period - Shot Misses the Net.
13:32 of 2nd period - Shot by Erik Karlsson.
13:32 of 2nd period - Stopped by Frederik Andersen without a rebound.
13:33 of 2nd period - Quinton Byfield wins face-off versus Jonathan Miller in SPOKANE KNIGHTS zone.
13:52 of 2nd period - Shot by Jeff Petry.
13:52 of 2nd period - Stopped by Frederik Andersen without a rebound.
13:53 of 2nd period - Quinton Byfield wins face-off versus Andrew Copp in SPOKANE KNIGHTS zone.
14:16 of 2nd period - Minor Penalty to Derrick Pouliot for Roughing.
14:17 of 2nd period - Jonathan Miller wins face-off versus Anthony Cirelli in SPOKANE KNIGHTS zone.
14:44 of 2nd period - Shot by Erik Karlsson.
14:44 of 2nd period - Stopped by Frederik Andersen with a rebound.
15:33 of 2nd period - Icing by Jeff Petry.
15:34 of 2nd period - Andrew Copp wins face-off versus Anthony Cirelli in PHOENIX MUSTANGS zone.
16:45 of 2nd period - Shot by Shane Pinto.
16:45 of 2nd period - Stopped by Antti Raanta with a rebound.
19:42 of 2nd period - Quinton Byfield is hit by Ilya Lyubushkin and loses puck.
19:45 of 2nd period - Shot by Derrick Pouliot.
19:45 of 2nd period - Shot Misses the Net.
19:47 of 2nd period - Shot by Robert Fabbri.
19:47 of 2nd period - Shot Misses the Net.
Goals for this period are 1 for PHOENIX MUSTANGS vs 3 for SPOKANE KNIGHTS.
Shots for this period are 13 for PHOENIX MUSTANGS vs 10 for SPOKANE KNIGHTS.

3rd period


0:01 of 3rd period - Anthony Cirelli wins face-off versus Mark Scheifele in neutral zone.
0:14 of 3rd period - Shot by Tyler Motte.
0:14 of 3rd period - Shot Blocked by Erik Karlsson.
0:16 of 3rd period - Shot by Jonathon Merrill.
0:16 of 3rd period - Shot Misses the Net.
0:32 of 3rd period - Off-side.
0:33 of 3rd period - Patrice Bergeron wins face-off versus Jonathan Miller in neutral zone.
0:38 of 3rd period - Shot by Brady Tkachuk.
0:38 of 3rd period - Shot Blocked by Radko Gudas.
0:41 of 3rd period - Icing by Radko Gudas.
0:42 of 3rd period - Patrice Bergeron wins face-off versus Jonathan Miller in PHOENIX MUSTANGS zone.
1:10 of 3rd period - Shot by Jonathan Miller.
1:10 of 3rd period - Shot Misses the Net.
1:12 of 3rd period - Shot by Kyle Connor.
1:12 of 3rd period - Stopped by Frederik Andersen without a rebound.
1:13 of 3rd period - Anthony Cirelli wins face-off versus Mark Scheifele in SPOKANE KNIGHTS zone.
1:26 of 3rd period - Shot by Anthony Cirelli.
1:26 of 3rd period - Shot Misses the Net.
1:28 of 3rd period - Shot by Anthony Cirelli.
1:28 of 3rd period - Stopped by Antti Raanta with a rebound.
1:30 of 3rd period - Shot by Jonathon Merrill.
1:30 of 3rd period - Stopped by Antti Raanta with a rebound.
1:32 of 3rd period - Shot by Derek Grant.
1:32 of 3rd period - Shot Blocked by Erik Karlsson.
1:46 of 3rd period - Shot by Tyler Motte.
1:46 of 3rd period - Shot Misses the Net.
1:48 of 3rd period - Shot by Derek Grant.
1:48 of 3rd period - Shot Misses the Net.
2:04 of 3rd period - Erik Karlsson is hit by Brady Tkachuk and loses puck.
2:17 of 3rd period - Shot by Zach Parise.
2:17 of 3rd period - Stopped by Antti Raanta without a rebound.
2:18 of 3rd period - Jesper Fast wins face-off versus Nicklas Backstrom in PHOENIX MUSTANGS zone.
3:22 of 3rd period - Shot by Kyle Connor.
3:22 of 3rd period - Shot Misses the Net.
3:24 of 3rd period - Shot by Jonathan Miller.
3:24 of 3rd period - Stopped by Frederik Andersen without a rebound.
3:25 of 3rd period - Patrice Bergeron wins face-off versus Alex Barre-Boulet in SPOKANE KNIGHTS zone.
3:25 of 3rd period - Patrice Bergeron is hit by Joel Armia.
3:31 of 3rd period - Shot by Patrice Bergeron.
3:31 of 3rd period - Shot Misses the Net.
4:07 of 3rd period - Shot by Patrice Bergeron.
4:07 of 3rd period - Deflect By Brady Tkachuk.
4:07 of 3rd period - Stopped by Antti Raanta without a rebound.
4:08 of 3rd period - Anthony Cirelli wins face-off versus Jonathan Miller in PHOENIX MUSTANGS zone.
4:41 of 3rd period - Shot by Jonathan Miller.
4:41 of 3rd period - Shot Blocked by Nathan Beaulieu.
4:43 of 3rd period - Shot by Kyle Connor.
4:43 of 3rd period - Stopped by Frederik Andersen without a rebound.
4:44 of 3rd period - Mark Scheifele wins face-off versus Quinton Byfield in SPOKANE KNIGHTS zone.
4:45 of 3rd period - Shot by Brad Marchand.
4:45 of 3rd period - Stopped by Frederik Andersen without a rebound.
4:46 of 3rd period - Patrice Bergeron wins face-off versus Mark Scheifele in SPOKANE KNIGHTS zone.
4:59 of 3rd period - Shot by Brady Tkachuk.
4:59 of 3rd period - Stopped by Antti Raanta without a rebound.
5:00 of 3rd period - Jonathan Miller wins face-off versus Nicklas Backstrom in PHOENIX MUSTANGS zone.
5:06 of 3rd period - Off-side.
5:07 of 3rd period - Mark Scheifele wins face-off versus Anthony Cirelli in neutral zone.
5:10 of 3rd period - Anthony Cirelli is hit by Mark Scheifele.
5:20 of 3rd period - Shot by Brad Marchand.
5:20 of 3rd period - Shot Misses the Net.
5:42 of 3rd period - Shot by Anthony Cirelli.
5:42 of 3rd period - Stopped by Antti Raanta without a rebound.
5:43 of 3rd period - Patrice Bergeron wins face-off versus Nic Dowd in PHOENIX MUSTANGS zone.
5:46 of 3rd period - Shot by Patrice Bergeron.
5:46 of 3rd period - Stopped by Antti Raanta with a rebound.
6:53 of 3rd period - Shot by Jordan Eberle.
6:53 of 3rd period - Stopped by Frederik Andersen with a rebound.
7:26 of 3rd period - Minor Penalty to Brady Tkachuk for Interference.
7:27 of 3rd period - Jonathan Miller wins face-off versus Anthony Cirelli in SPOKANE KNIGHTS zone.
7:40 of 3rd period - Shot by Erik Karlsson.
7:40 of 3rd period - Stopped by Frederik Andersen without a rebound.
7:41 of 3rd period - Andrew Copp wins face-off versus Rasmus Kupari in SPOKANE KNIGHTS zone.
7:57 of 3rd period - Icing by Andrew Copp.
7:58 of 3rd period - Anthony Cirelli wins face-off versus Andrew Copp in PHOENIX MUSTANGS zone.
8:25 of 3rd period - Shot by Jeff Petry.
8:25 of 3rd period - Deflect By Alex Killorn.
8:25 of 3rd period - Shot Misses the Net.
9:03 of 3rd period - Shot by Erik Karlsson.
9:03 of 3rd period - Stopped by Frederik Andersen without a rebound.
9:04 of 3rd period - Anthony Cirelli wins face-off versus Jonathan Miller in SPOKANE KNIGHTS zone.
9:15 of 3rd period - Anthony Cirelli is hit by Jonathan Miller and loses puck.
9:47 of 3rd period - Jesper Fast is hit by Derrick Pouliot and loses puck.
10:04 of 3rd period - Shot by Nic Dowd.
10:04 of 3rd period - Shot Blocked by Shane Pinto.
10:06 of 3rd period - Shot by Andrew Copp.
10:06 of 3rd period - Shot Misses the Net.
10:08 of 3rd period - Shot by Jeff Petry.
10:08 of 3rd period - Stopped by Frederik Andersen with a rebound.
10:15 of 3rd period - Minor Penalty to Joel Armia for Tripping.
10:16 of 3rd period - Patrice Bergeron wins face-off versus Alex Barre-Boulet in PHOENIX MUSTANGS zone.
10:23 of 3rd period - Shot by Jonathan Miller.
10:23 of 3rd period - Stopped by Frederik Andersen without a rebound.
10:24 of 3rd period - Patrice Bergeron wins face-off versus Jonathan Miller in SPOKANE KNIGHTS zone.
10:24 of 3rd period - Patrice Bergeron is hit by Jonathan Miller.
10:54 of 3rd period - Shot by Patrice Bergeron.
10:54 of 3rd period - Shot Misses the Net.
10:56 of 3rd period - Shot by Brady Tkachuk.
10:56 of 3rd period - Shot Blocked by Erik Karlsson.
12:30 of 3rd period - Shot by Brad Marchand.
12:30 of 3rd period - Shot Misses the Net.
12:32 of 3rd period - Shot by Alex Killorn.
12:32 of 3rd period - Stopped by Frederik Andersen with a rebound.
12:34 of 3rd period - Shot by Mark Scheifele.
12:34 of 3rd period - Shot Blocked by Anthony Cirelli.
12:40 of 3rd period - Shot by Mark Scheifele.
12:40 of 3rd period - Stopped by Frederik Andersen with a rebound.
12:42 of 3rd period - Shot by Alex Killorn.
12:42 of 3rd period - Shot Blocked by Derek Grant.
12:44 of 3rd period - Shot by Erik Karlsson.
12:44 of 3rd period - Deflect By Brad Marchand.
12:44 of 3rd period - Stopped by Frederik Andersen with a rebound.
13:39 of 3rd period - Shot by Kyle Connor.
13:39 of 3rd period - Shot Misses the Net.
13:41 of 3rd period - Shot by Joel Edmundson.
13:41 of 3rd period - Shot Blocked by Tyler Motte.
13:43 of 3rd period - Shot by Ilya Lyubushkin.
13:43 of 3rd period - Stopped by Frederik Andersen without a rebound.
13:43 of 3rd period - Minor Penalty to Derrick Pouliot for Roughing.
13:44 of 3rd period - Andrew Copp wins face-off versus Quinton Byfield in SPOKANE KNIGHTS zone.
14:05 of 3rd period - Shot by Alex Killorn.
14:05 of 3rd period - Shot Blocked by Rasmus Kupari.
14:07 of 3rd period - Shot by Jeff Petry.
14:07 of 3rd period - Shot Misses the Net.
14:09 of 3rd period - Shot by Andrew Copp.
14:09 of 3rd period - Stopped by Frederik Andersen without a rebound.
14:10 of 3rd period - Jonathan Miller wins face-off versus Quinton Byfield in SPOKANE KNIGHTS zone.
14:10 of 3rd period - Erik Karlsson is hit by Jonathon Merrill and loses puck.
14:15 of 3rd period - Shot by Erik Karlsson.
14:15 of 3rd period - Stopped by Frederik Andersen without a rebound.
14:16 of 3rd period - Quinton Byfield wins face-off versus Jonathan Miller in SPOKANE KNIGHTS zone.
14:24 of 3rd period - Off-side.
14:25 of 3rd period - Jonathan Miller wins face-off versus Derek Grant in neutral zone.
15:46 of 3rd period - Shot by Joel Armia.
15:46 of 3rd period - Shot Misses the Net.
15:48 of 3rd period - Shot by Joel Edmundson.
15:48 of 3rd period - Shot Blocked by Derrick Pouliot.
15:49 of 3rd period - Minor Penalty to Derrick Pouliot for Interference.
15:50 of 3rd period - Derek Grant wins face-off versus Brad Marchand in SPOKANE KNIGHTS zone.
16:18 of 3rd period - Shot by Mark Scheifele.
16:18 of 3rd period - Deflect By Jonathan Miller.
16:18 of 3rd period - Shot Blocked by Nathan Beaulieu.
16:20 of 3rd period - Shot by Damon Severson.
16:20 of 3rd period - Stopped by Frederik Andersen without a rebound.
16:21 of 3rd period - Andrew Copp wins face-off versus Anthony Cirelli in SPOKANE KNIGHTS zone.
16:35 of 3rd period - Icing by Erik Karlsson.
16:36 of 3rd period - Andrew Copp wins face-off versus Anthony Cirelli in PHOENIX MUSTANGS zone.
16:42 of 3rd period - Icing by Erik Karlsson.
16:43 of 3rd period - Derek Grant wins face-off versus Andrew Copp in PHOENIX MUSTANGS zone.
17:04 of 3rd period - Shot by Kyle Connor.
17:04 of 3rd period - Stopped by Frederik Andersen without a rebound.
17:05 of 3rd period - Jonathan Miller wins face-off versus Anthony Cirelli in SPOKANE KNIGHTS zone.
17:06 of 3rd period - Shot by Damon Severson.
17:06 of 3rd period - Stopped by Frederik Andersen without a rebound.
17:07 of 3rd period - Mark Scheifele wins face-off versus Anthony Cirelli in SPOKANE KNIGHTS zone.
17:24 of 3rd period - Shot by Mark Scheifele.
17:24 of 3rd period - Stopped by Frederik Andersen without a rebound.
17:25 of 3rd period - Andrew Copp wins face-off versus Anthony Cirelli in SPOKANE KNIGHTS zone.
17:35 of 3rd period - Jordan Eberle is hit by Jonathon Merrill and loses puck.
18:00 of 3rd period - Shot by Patrice Bergeron.
18:00 of 3rd period - Shot Misses the Net.
18:10 of 3rd period - Shot by Brady Tkachuk.
18:10 of 3rd period - Deflect By Patrice Bergeron.
18:10 of 3rd period - Stopped by Antti Raanta without a rebound.
18:11 of 3rd period - Nic Dowd wins face-off versus Nicklas Backstrom in PHOENIX MUSTANGS zone.
18:11 of 3rd period - Nic Dowd is hit by Corey Perry.
18:19 of 3rd period - PHOENIX MUSTANGS, Antti Raanta is pulled from the net.
18:48 of 3rd period - Shot by Shane Pinto.
18:48 of 3rd period - Goal by Shane Pinto - PHOENIX MUSTANGS : 2 - SPOKANE KNIGHTS : 4.
18:48 of 3rd period - Antti Raanta from PHOENIX MUSTANGS was sent back in the game.
18:49 of 3rd period - Anthony Cirelli wins face-off versus Mark Scheifele in neutral zone.
19:15 of 3rd period - Shot by Mark Scheifele.
19:15 of 3rd period - Stopped by Frederik Andersen without a rebound.
19:16 of 3rd period - Patrice Bergeron wins face-off versus Jonathan Miller in SPOKANE KNIGHTS zone.
19:20 of 3rd period - Zach Parise is hit by Joel Edmundson and loses puck.
19:29 of 3rd period - Shot by Jonathan Miller.
19:29 of 3rd period - Shot Misses the Net.
19:31 of 3rd period - Shot by Ilya Lyubushkin.
19:31 of 3rd period - Shot Blocked by Patrice Bergeron.
19:40 of 3rd period - Shot by Kyle Connor.
19:40 of 3rd period - Stopped by Frederik Andersen without a rebound.
19:41 of 3rd period - Mark Scheifele wins face-off versus Anthony Cirelli in SPOKANE KNIGHTS zone.
Goals for this period are 0 for PHOENIX MUSTANGS vs 1 for SPOKANE KNIGHTS.
Shots for this period are 21 for PHOENIX MUSTANGS vs 9 for SPOKANE KNIGHTS.


ROOPE
HINTZ
ARTEMI
PANARIN
MIRO
HEISKANEN

EAST COAST

HOCKEY LEAGUE

  • 59.RHI1PIT5
  • 60.WOR6ATL7
  • 61.CHWQUE
  • 62.TRVCHA